 Dungeon Crawl Stone Soup version 0.19.0-19-g8c6edcc (webtiles) character file.

695776 tsouns the Slayer (level 27, -2/154 HPs)
             Began as a Gargoyle Abyssal Knight on Nov 12, 2016.
             Was the Champion of Lugonu.
             Killed from afar by a mottled draconian knight (32 damage)
             ... with a shard of ice
             ... on level 2 of the Realm of Zot on Nov 14, 2016.
             The game lasted 05:48:38 (72321 turns).

tsouns the Slayer (Gargoyle Abyssal Knight)        Turns: 72321, Time: 05:48:39

Health: -2/154     AC: 62    Str: 24    XL:     27
Magic:  2/25       EV: 15    Int: 21    God:    Lugonu [******]
Gold:   2631       SH: 16    Dex: 10    Spells: 2 memorised, 22 levels left

rFire  + + +     SeeInvis +     T - +3 morningstar (distort)
rCold  + . .     Gourm    .     P - +8 plate armour of Budd {rPois rF+++ Str+2 SInv}
rNeg   + + +     Faith    .     V - +1 shield {AC+3}
rPois  ∞         Spirit   .     B - +2 helmet {Int+3}
rElec  +         Reflect  .     p - +2 cloak {+Inv}
rCorr  .         Harm     .     f - +2 pair of gloves {archery}
MR     ++++.     Rnd*Rage +     d - +2 pair of boots {Stlth+}
Stlth  +.........               a - amulet of regeneration
                                W - ring of Kuezaod {rC+ rN++ Int+3}
                                v - ring of protection from magic

@: flying, contaminated, hasted, glowing, very quick
A: big wings, berserk 1, blurry vision 3, clumsy 1, deformed body, dopey 1,
frail 2, low mp 3, magic resistance 1, negative energy resistance 1, screaming
2, electricity resistance, unbreathing, petrification resistance, rot immunity,
MP-powered wands, AC +20
a: Stop Flying, Depart the Abyss, Bend Space, Banish, Corrupt, Enter the Abyss,
Renounce Religion, Evoke Invisibility
0: Orb of Zot
}: 5/15 runes: serpentine, barnacled, slimy, silver, abyssal


You were on level 2 of the Realm of Zot.
You worshipped Lugonu.
Lugonu was exalted by your worship.
You were not hungry.

You visited 10 branches of the dungeon, and saw 54 of its levels.
You visited the Abyss 7 times.
You also visited: Labyrinth, Ice Cave and Wizlab.

You collected 6853 gold pieces.
You spent 4222 gold pieces at shops.

Inventory:

Hand Weapons
 s - a +8 morningstar of crushing
 S - a +1 sacred scourge of holy wrath
 T - a +3 morningstar of distortion (weapon)
 Z - a +3 antimagic morningstar
Missiles
 j - 20 javelins of returning (quivered)
Armour
 d - a +2 pair of boots of stealth (worn)
 f - a +2 pair of gloves of archery (worn)
 p - a +2 cloak of invisibility (worn)
 B - a +2 helmet of intelligence (worn)
 P - the +8 plate armour of Budd (worn) {rPois rF+++ Str+2 SInv}
   (You found it on level 1 of the Elven Halls)

   It affects your strength (+2).
   It renders you almost immune to fire.
   It protects you from poison.
   It lets you see invisible.
 V - a +1 shield of protection (worn)
Jewellery
 a - an amulet of regeneration (around neck)
 t - the ring of Understanding {+Inv Slay+3}
   (You found it in a wizard's laboratory)

   [ring of slaying]

   It affects your accuracy and damage with ranged weapons and melee attacks
   (+3).
   It lets you turn invisible.
 v - a ring of protection from magic (left hand)
 W - the ring of Kuezaod (right hand) {rC+ rN++ Int+3}
   (You found it in a wizard's laboratory)

   [ring of protection from cold]

   It affects your intelligence (+3).
   It protects you from cold.
   It greatly protects you from negative energy.
Wands
 h - a wand of heal wounds (3/9)
 k - a wand of teleportation (2/9)
 n - a wand of disintegration (12/24)
 o - a wand of paralysis (2/24)
 u - a wand of acid (2/15)
 x - a wand of teleportation (0/9)
 I - a wand of hasting (4/9)
 Y - a wand of digging (4/24)
Scrolls
 g - 5 scrolls of fog
 l - 20 scrolls of remove curse
 r - a scroll of summoning
 y - 3 scrolls of fear
 E - 6 scrolls of recharging
 F - 4 scrolls of identify
 G - 3 scrolls of blinking
 K - 2 scrolls of holy word
 R - 9 scrolls of teleportation
Potions
 b - a potion of mutation
 e - 11 potions of curing
 i - 5 potions of cancellation
 H - 7 potions of invisibility
 M - 2 potions of agility
 Q - 2 potions of resistance
Miscellaneous
 z - a lamp of fire
 D - a phial of floods
 J - 2 boxes of beasts
 L - a fan of gales
 U - a disc of storms
 X - a sack of spiders
Comestibles
 c - 12 bread rations
 m - 12 meat rations
 O - 32 fruits


   Skills:
 + Level 25.1 Fighting
 - Level 16.0 Maces & Flails
 + Level 22.3 Armour
 + Level 17.2 Dodging
 - Level 15.3 Stealth
 - Level 18.0 Shields
 * Level 17.6 Invocations
 - Level 14.7 Evocations


You had 22 spell levels left.
You knew the following spells:

 Your Spells              Type           Power        Failure   Level  Hunger
a - Blink                 Tloc           N/A          95%         2    ###....
b - Repel Missiles        Chrm/Air       #.....       95%         2    ###....


Dungeon Overview and Level Annotations

Branches:
Dungeon (15/15)            Temple (0/1) D:6            Lair (6/6) D:11
 Shoals (4/4) Lair:4        Snake (4/4) Lair:3        Slime (5/5) Lair:5
    Orc (2/2) D:12            Elf (3/3) Orc:2        Vaults (5/5) D:14
  Crypt (0/3) Vaults:2     Depths (5/5) D:15            Zot (5/5) Depths:5

Altars:
Ashenzari
Cheibriados
Dithmenos
Fedhas
Gozag
Hepliaklqana
Makhleb
Qazlal
Ru
Trog
Uskayaw
Vehumet
Xom
Beogh

Shops:
D:8 :   D:11 }   D:14 [   Orc:2 }[((   Elf:2 [   Elf:3 (   Shoals:3 *
Snake:1 ?   Snake:3 =}}   Vaults:3 [   Depths:1 }   Depths:2 %![*![?}(
Depths:3 (

Portals:
Hell: Depths:1 Depths:2 Depths:3 Depths:4 Depths:5
Abyss: Depths:2 Depths:4
Pandemonium: Depths:3
Ziggurat: Depths:4

Annotations:
D:3 exclusion: oklob plant
Elf:2 corrupted


Innate Abilities, Weirdness & Mutations

You are resistant to torment.
Your stone body is resilient. (AC +20)
You are immune to poison.
Your large and strong wings let you fly indefinitely.
You resist negative energy. (rN+)
You are resistant to electric shocks. (rElec)
You can survive without breathing.
You are immune to petrification.
You are immune to rotting.
You tend to lose your temper in combat.
Scrolls take you much longer to read.
You are clumsy. (Dex -2)
Armour fits poorly on your strangely shaped body.
You are dopey. (Int -2)
You are very frail. (-20% HP)
Your magical capacity is extremely low. (-30% MP)
You are resistant to hostile enchantments. (MR+)
You sometimes yell uncontrollably at your foes.
You expend magic power (3 MP) to strengthen your wands.


Message History

The white draconian hits you with a battleaxe!
* * * LOW HITPOINT WARNING * * *
A red draconian comes into view. It is wielding a scimitar.
A purple draconian shifter comes into view.
It is wielding a long sword.
Unknown command.
A red draconian and a draconian knight come into view.
The mottled draconian knight roars!
The red draconian roars!
The red draconian moves out of view.
The mottled draconian knight points at you and mumbles some strange words.
You block the shard of ice.
Unknown command.
Evoke which item? (* to show all) (? for menu, Esc to quit)
Okay, then.
Okay, then.
Unknown command.
Found a lajatang.
A yellow draconian comes into view. It is wielding a trident.
The mottled draconian knight gestures at you while chanting.
The shard of ice hits you! You partially resist.
You die...

,,,,,***,**######.#*
,,,,,,***,,...<....##
,**,,,,***,,......#.##
***,**,,***,***#.....## *
**,*,..**,* ##<.[..##
*****,,.!..#####)#q.q..## ,,*
*,,......d..[#...q..#*
,*****,,##..##..###.d##..#
,*,,****,**#.##q@###..##.#*
,,,,** **,*#...d..##...#*.#*
,,**,*****,##.?...d#...#**.**
,,*,,,,,,,..........#.## **,*#
,,*,*,,,,.).......###..## **.##
****,*,,,..####.#..###..##*#..*
**,,**.** #.###..###..##.#,***
******,**,***##.#*#..###[..#,*,*,
,,,,,,,,,,,,,,...#*#..###..#*,*,*


You could see a mottled draconian knight, a yellow draconian, a red draconian
and a white draconian.

Vanquished Creatures
  the Royal Jelly (Slime:5)
  5 orbs of fire (Zot:5)
  2 ancient liches (Zot:5)
  A juggernaut (Depths:4)
  Sojobo (Depths:5)
  Boris (Vaults:4)
  Frederick (Depths:5)
  Xtahua (Vaults:3)
  Saint Roka (Orc:2)
  A curse toe (Zot:2)
  5 golden dragons
  A bone dragon (Depths:5)
  5 liches
  An Ice Fiend (IceCv)
  A hellephant (Abyss:1)
  Rupert (Lair:3)
  2 electric golems (Zot:5)
  8 tentacled monstrosities
  5 quicksilver dragons
  8 acid blobs
  16 Orb Guardians (Zot:5)
  5 titans
  Polyphemus (Shoals:2)
  10 tentacled starspawn
  An Executioner (Abyss:1)
  3 sphinxes
  9 shadow dragons
  Gastronok (Lair:3)
  7 storm dragons
  5 death cobs
  3 azure jellies (Slime:5)
  12 tengu reavers
  Ilsuiw (Shoals:4)
  A draconian monk (Depths:5)
  10 fire giants
  6 nagarajas (Snake:4)
  A daeva (Depths:4)
  3 draconian knights
  4 draconian scorchers
  6 ghost moths
  24 vault wardens
  13 frost giants
  Louise (D:15)
  2 iron dragons
  A cacodemon (WizLab)
  2 draconian shifters (Zot:5)
  5 deep elf sorcerers
  2 draconian zealots (Zot:2)
  4 orc warlords
  14 ironheart preservers
  Aizul (Vaults:3)
  A curse skull (Vaults:2)
  2 draconian annihilators
  2 angels (Depths:4)
  A draconian caller (Zot:5)
  15 very ugly things
  37 stone giants
  3 war gargoyles (Vaults:5)
  3 entropy weavers
  A spriggan defender (Depths:3)
  6 red draconians
  8 vampire knights
  7 purple draconians
  4 deep elf demonologists
  3 black draconians
  3 deep elf annihilators
  3 white draconians
  4 yellow draconians
  Azrael (D:15)
  6 spark wasps (Depths:3)
  A green draconian (Abyss:3)
  4 mottled draconians
  5 merfolk javelineers
  3 jiangshi (Depths:1)
  18 ettins
  4 death oozes
  2 blizzard demons (Abyss:4)
  10 merfolk impalers
  A minotaur (Lab)
  2 deep elf death magi
  12 fire dragons
  9 yaktaur captains
  Erolcha (D:13)
  2 deep elf high priests
  3 rakshasas
  34 vault guards
  7 ice dragons
  A hydra (D:12)
  20 great orbs of eyes
  18 naga warriors
  A hell beast (Depths:4)
  7 anacondas
  7 merfolk avatars
  An alligator snapping turtle (Shoals:4)
  A spriggan air mage (Depths:5)
  7 merfolk aquamancers
  7 death knights
  15 centaur warriors
  18 deep troll shamans
  6 catoblepae
  5 satyrs
  A satyr (shapeshifter) (Depths:5)
  17 death yaks
  14 ogre magi
  7 shock serpents
  4 spriggan berserkers
  3 vampire magi
  A hell hog (Depths:1)
  Urug (D:12)
  An orc high priest (Orc:2)
  6 tengu warriors
  23 dancing weapons
  12 deep troll earth magi
  A titan skeleton (Depths:2)
  3 spriggans (Depths:3)
  A storm dragon zombie (Vaults:3)
  24 deep elf knights
  Sonja (D:15)
  9 naga sharpshooters
  2 soul eaters
  Nergalle (D:12)
  3 shadow wraiths
  7 wretched stars
  A thrashing horror (Abyss:3)
  8 salamander mystics
  27 hell knights
  21 sea snakes
  10 iron trolls
  59 deep trolls
  6 naga ritualists
  A deep troll (shapeshifter) (Vaults:5)
  3 unseen horrors
  2 shadow demons (Abyss:3)
  An orange crystal statue (WizLab)
  5 flayed ghosts
  10 wizards
  13 glowing orange brains
  2 hill giants (shapeshifter) (Vaults:5)
  A lindwurm (shapeshifter) (Vaults:3)
  20 orc knights
  6 necromancers
  16 ironbrand convokers
  8 hill giants
  30 harpies
  20 deep elf archers
  14 mana vipers
  2 harpies (shapeshifter)
  4 phantasmal warriors
  66 deep elf magi
  A sphinx zombie (Depths:2)
  22 fauns
  17 cyclopes
  7 orc sorcerers
  30 ugly things
  A fire giant zombie (Abyss:3)
  3 wolf spiders
  18 manticores
  A shining eye (Slime:5)
  6 sirens
  A worldbinder (Abyss:1)
  2 black mambas (shapeshifter)
  21 salamanders
  15 naga magi
  A rust devil (Depths:4)
  15 elephants
  10 moths of wrath
  31 black mambas
  7 guardian serpents
  4 smoke demons
  An ice statue (IceCv)
  Psyche (D:10)
  A torpor snail (shapeshifter) (Vaults:2)
  8 eyes of devastation
  15 vault sentinels
  7 water nymphs
  3 gargoyles
  14 spiny frogs
  2 orange demons (Abyss:3)
  A spiny frog (shapeshifter) (Depths:2)
  9 komodo dragons
  2 kobold demonologists
  5 tengu conjurers
  3 ice devils (IceCv)
  88 yaktaurs
  A rime drake (shapeshifter) (D:14)
  2 elves (Depths:2)
  13 freezing wraiths
  5 anaconda simulacra (IceCv)
  3 ancient zymes
  2 human skeletons (Vaults:4)
  A red devil (Depths:1)
  3 golden dragon simulacra (IceCv)
  10 trolls
  A meliai (shapeshifter) (Vaults:3)
  2 hellwings
  A queen bee (D:12)
  2 trolls (shapeshifter)
  An efreet (D:15)
  The ghost of Monsterracer the Cleaver, an amateur HOMo (D:4)
  8 hornets
  A polar bear (Lair:6)
  Grinder (D:6)
  Prince Ribbit (D:7)
  A wind drake (shapeshifter) (Vaults:3)
  A two-headed ogre (shapeshifter) (Vaults:2)
  A wolf spider simulacrum (IceCv)
  13 blink frogs
  25 merfolk
  36 slime creatures
  14 hippogriffs
  3 wind drakes
  A hornet (shapeshifter) (D:15)
  A frost giant simulacrum (Depths:2)
  9 snapping turtles
  25 two-headed ogres
  7 dream sheep
  4 raiju
  2 fire giant simulacra
  4 air elementals
  9 redbacks
  3 flying skulls
  12 water elementals
  A spriggan (shapeshifter) (Vaults:5)
  A tarantella (shapeshifter) (Elf:1)
  6 vampires (Depths:2)
  A dire elephant simulacrum (IceCv)
  2 ynoxinuls
  5 wraiths
  2 wyverns
  2 humans (Depths:2)
  5 neqoxecs
  3 shadows
  41 yaks
  Sigmund (D:3)
  7 fire elementals
  3 golden eyes (Lair:5)
  14 large abominations
  A fire bat (shapeshifter) (Depths:3)
  5 vampire mosquitoes (D:15)
  3 basilisks
  An elf skeleton (Depths:2)
  A human simulacrum (Vaults:1)
  Menkaure (D:5)
  51 nagas
  A steam dragon (D:11)
  2 mottled dragons
  9 wargs
  3 harpy simulacra (IceCv)
  2 water moccasins (shapeshifter)
  2 hydra simulacra (IceCv)
  4 hell hounds
  6 porcupines
  A porcupine (shapeshifter) (Depths:3)
  Duvessa (D:5)
  4 floating eyes
  49 orc warriors
  12 water moccasins
  An alligator simulacrum (IceCv)
  2 ice beasts
  A black bear (D:11)
  An eye of draining (shapeshifter) (Vaults:5)
  7 wolves
  49 ogres
  3 sky beasts
  4 eyes of draining
  2 necrophages
  2 phantoms (D:9)
  3 boggarts
  15 crocodiles
  20 centaurs
  5 small abominations
  7 big kobolds
  4 human zombies
  16 bullfrogs
  4 gnoll sergeants
  7 earth elementals (Depths:1)
  2 spectral wargs (Depths:2)
  Dowan (D:5)
  6 scorpions
  2 scorpions (shapeshifter)
  67 killer bees
  A swamp dragon simulacrum (IceCv)
  21 wights
  5 howler monkeys
  5 electric eels
  13 crimson imps
  A centaur zombie (D:10)
  3 draconian simulacra (IceCv)
  5 quasits
  25 orc priests
  16 starcursed masses
  3 bullfrog zombies
  7 hounds
  8 jellies
  Crazy Yiuf (D:6)
  3 centaur skeletons
  37 orc wizards
  A bullfrog skeleton (D:11)
  2 iron imps
  3 iguanas
  Natasha (thrice) (D:3)
  14 worker ants
  6 hell rats (Lair:6)
  5 polar bear simulacra
  3 troll simulacra (IceCv)
  2 yak simulacra (Lair:5)
  A killer bee zombie (D:10)
  2 spriggan simulacra (IceCv)
  6 wolf simulacra
  2 centaur simulacra (IceCv)
  2 hound skeletons (D:6)
  12 gnolls
  2 naga simulacra (IceCv)
  15 adders
  An ogre simulacrum (IceCv)
  3 shadow imps
  7 white imps (IceCv)
  11 ufetubi
  5 oozes
  An adder zombie (D:9)
  An adder skeleton (D:8)
  3 worms
  2 dart slugs
  6 leopard geckos
  110 orcs
  12 bats
  2 giant cockroaches
  5 goblins
  7 hobgoblins
  19 jackals
  43 kobolds
  3 quokkas
  A ball python (D:1)
  2 frilled lizards (D:2)
  A jackal zombie (D:8)
  7 rats
  A river rat simulacrum (Lair:5)
  2 demonic plants (WizLab)
  2 plants
  12 starspawn tentacles
  2 tentacles (Shoals:2)
2659 creatures vanquished.

Vanquished Creatures (collateral kills)
  A moon troll (WizLab)
  An ironheart preserver (Vaults:3)
  A deep elf annihilator (Vaults:3)
  A deep elf death mage (Vaults:3)
  A deep elf knight (Vaults:3)
  A fungus (Lair:3)
6 creatures vanquished.

Vanquished Creatures (others)
  A bone dragon (Abyss:1)
  2 Orb Guardians (Zot:5)
  An acid blob (Slime:4)
  A tentacled starspawn (Abyss:1)
  A deep elf blademaster (Elf:2)
  2 storm dragons
  2 shadow dragons
  2 nagarajas (Snake:4)
  A draconian monk (Zot:4)
  A fire giant (Depths:2)
  A draconian knight (Zot:5)
  A draconian zealot (Zot:4)
  A draconian scorcher (Zot:2)
  A draconian caller (Zot:5)
  2 black draconians
  3 yellow draconians
  2 purple draconians
  2 white draconians
  2 mottled draconians
  A red draconian (Zot:5)
  An ettin (Depths:1)
  A merfolk impaler (Abyss:4)
  6 naga warriors
  A vault guard (Vaults:5)
  2 hydras
  A merfolk aquamancer (Shoals:4)
  An anaconda (Snake:2)
  A deep troll earth mage (Depths:5)
  2 naga sharpshooters (Snake:4)
  A death yak (Shoals:2)
  A shock serpent (Snake:4)
  A sixfirhy (Abyss:3)
  2 sea snakes
  A deep troll (Depths:5)
  A naga ritualist (Snake:2)
  3 deep elf magi
  2 elephants
  3 moths of wrath
  A guardian serpent (Snake:4)
  2 black mambas
  A naga mage (Snake:4)
  A smoke demon (Abyss:4)
  2 spiny frogs (Lair:6)
  A catoblepas skeleton (Abyss:1)
  5 slime creatures
  A flying skull (Depths:4)
  A yak (Lair:6)
  8 nagas
  2 wolves (Depths:2)
  3 ogres
  A crocodile (Lair:6)
  2 small abominations (Abyss:4)
  A lightning spire (Abyss:4)
  A giant cockroach (D:7)
  11 fungi
  20 plants
  44 starspawn tentacles
  4 tentacles (Shoals:2)
  13 toadstools (D:3)
186 creatures vanquished.

Grand Total: 2851 creatures vanquished

Notes
Turn   | Place    | Note
-------+----------+-------------------------------------------
     0 | Abyss:1  | tsouns the Gargoyle Abyssal Knight began the quest for the Orb.
     0 | Abyss:1  | Reached XP level 1. HP: 14/14 MP: 2/2
    11 | D:1      | Escaped the Abyss
   118 | D:1      | Reached XP level 2. HP: 16/19 MP: 3/3
   408 | D:1      | Reached XP level 3. HP: 22/24 MP: 4/4
   437 | D:1      | Reached skill level 4 in Fighting
   566 | D:1      | Reached ** piety under Lugonu
  1109 | D:2      | Found a hazy altar of Hepliaklqana.
  1252 | D:2      | Reached XP level 4. HP: 30/30 MP: 5/5
  1849 | D:3      | Noticed Natasha
  1858 | D:3      | Killed Natasha
  2098 | D:3      | Noticed Natasha
  2111 | D:3      | Killed Natasha
  2111 | D:3      | Reached skill level 5 in Fighting
  2111 | D:3      | Reached XP level 5. HP: 19/35 MP: 6/6
  2150 | D:3      | Noticed Sigmund
  2463 | D:3      | Found a sacrificial altar of Ru.
  2594 | D:3      | Killed Sigmund
  2594 | D:3      | Reached skill level 6 in Fighting
  2594 | D:3      | Reached XP level 6. HP: 37/41 MP: 7/7
  2605 | D:3      | Noticed Natasha
  2618 | D:3      | Killed Natasha
  2733 | D:3      | Found a blossoming altar of Fedhas.
  2744 | D:3      | Noticed an oklob plant
  2832 | D:3      | Found a burning altar of Makhleb.
  2836 | D:3      | Found a shimmering altar of Xom.
  2841 | D:3      | Found a snail-covered altar of Cheibriados.
  2966 | D:3      | Found a radiant altar of Vehumet.
  3212 | D:4      | Reached skill level 5 in Maces & Flails
  3279 | D:4      | Reached XP level 7. HP: 47/47 MP: 8/8
  3292 | D:4      | Noticed Monsterracer's ghost (amateur HOMo)
  3318 | D:4      | Killed Monsterracer's ghost
  3318 | D:4      | Reached skill level 7 in Fighting
  3546 | D:4      | Found a shattered altar of Ashenzari.
  3593 | D:5      | Entered Level 5 of the Dungeon
  3792 | D:5      | Reached *** piety under Lugonu
  3842 | D:5      | Noticed Menkaure
  3852 | D:5      | Killed Menkaure
  3852 | D:5      | Reached XP level 8. HP: 18/54 MP: 9/9
  4100 | D:5      | Noticed Duvessa
  4102 | D:5      | Noticed Dowan
  4113 | D:5      | Killed Duvessa
  4121 | D:5      | Killed Dowan
  4121 | D:5      | Reached skill level 8 in Fighting
  4375 | D:6      | Noticed Grinder
  4394 | D:6      | Paralysed by Grinder for 6 turns
  4404 | D:6      | Killed Grinder
  4620 | D:6      | Reached skill level 9 in Fighting
  4682 | D:6      | Found an opulent altar of Gozag.
  4766 | D:6      | Found a hide-covered altar of Uskayaw.
  4768 | D:6      | Found a bloodstained altar of Trog.
  4768 | D:6      | Found a stormy altar of Qazlal.
  4794 | D:6      | Reached XP level 9. HP: 50/60 MP: 10/10
  5018 | D:6      | Found a runed door.
  5022 | D:6      | Noticed Crazy Yiuf
  5027 | D:6      | Killed Crazy Yiuf
  5209 | D:6      | Found a staircase to the Ecumenical Temple.
  5400 | D:7      | Noticed Prince Ribbit
  5411 | D:7      | Killed Prince Ribbit
  5515 | D:7      | Reached skill level 10 in Fighting
  5781 | D:7      | Reached **** piety under Lugonu
  6187 | D:8      | Found a shadowy altar of Dithmenos.
  6570 | D:8      | Reached skill level 11 in Fighting
  6664 | D:8      | Identified Sif Muna's Catalogue of Arcane Weapons
  6726 | D:8      | Reached XP level 10. HP: 69/69 MP: 11/11
  6889 | D:8      | Found Pyiroz's Book Shop.
  7078 | D:9      | Reached skill level 10 in Maces & Flails
  7161 | D:9      | Reached ***** piety under Lugonu
  7843 | D:9      | Reached skill level 5 in Invocations
  8486 | D:9      | Reached skill level 12 in Fighting
  8827 | D:9      | Reached XP level 11. HP: 76/76 MP: 14/16
  8877 | D:10     | Entered Level 10 of the Dungeon
  9086 | D:10     | Noticed Psyche
  9088 | D:10     | Paralysed by Psyche for 4 turns
  9102 | D:10     | Paralysed by Psyche for 5 turns
  9114 | D:10     | Killed Psyche
  9401 | D:10     | Identified the Collected Works on Warped Conjuration
  9432 | D:10     | Reached skill level 1 in Dodging
  9587 | D:11     | Noticed a hill giant
  9943 | D:11     | Found a staircase to the Lair.
  9964 | D:11     | Killed a hill giant
 10398 | D:11     | Reached skill level 1 in Shields
 10458 | D:11     | Noticed a hill giant
 10467 | D:11     | Killed a hill giant
 10585 | D:11     | Found Tisofa's Gadget Emporium.
 10671 | D:11     | Noticed a cyclops
 10681 | D:11     | Killed a cyclops
 10933 | Lair:1   | Entered Level 1 of the Lair of Beasts
 11448 | Lair:1   | Reached XP level 12. HP: 82/82 MP: 18/18
 11657 | Lair:2   | Reached ****** piety under Lugonu
 11815 | D:7      | Identified a +2 morningstar of distortion (a +0 morningstar corrupted by Lugonu)
 11815 | D:7      | Received a gift from Lugonu
 12058 | Lair:2   | Reached skill level 5 in Armour
 12070 | Lair:2   | Reached skill level 13 in Fighting
 13630 | Lair:3   | Found a staircase to the Snake Pit.
 13672 | Lair:3   | Reached skill level 5 in Shields
 13712 | Lair:3   | Noticed a five-headed hydra
 13714 | Lair:3   | Banished a five-headed hydra
 13767 | Lair:3   | Noticed Rupert
 13927 | Lair:3   | Noticed Gastronok
 13949 | Lair:3   | Killed Gastronok
 13949 | Lair:3   | Reached skill level 5 in Dodging
 13949 | Lair:3   | Reached XP level 13. HP: 74/89 MP: 19/19
 14232 | Lair:4   | Found a staircase to the Shoals.
 14372 | Lair:4   | Got a glittering granite ring
 14374 | Lair:4   | Identified the ring "Seta" {Ice Str+2 Dex+4 Stlth-} (You found it on level 4 of the Lair of Beasts)
 14401 | Lair:4   | Gained mutation: You have a pair of small antennae on your head. [potion of beneficial mutation]
 15480 | Lair:5   | Found a staircase to the Slime Pits.
 15899 | Lair:6   | Entered Level 6 of the Lair of Beasts
 16186 | Lair:6   | Reached skill level 14 in Fighting
 17167 | Lair:6   | Gained mutation: Your large and strong wings let you fly indefinitely. [Gargoyle growth]
 17167 | Lair:6   | Reached XP level 14. HP: 80/96 MP: 20/20
 18138 | Lair:6   | Reached skill level 15 in Fighting
 18210 | Lair:6   | Reached skill level 10 in Armour
 19656 | D:12     | Noticed Urug
 19674 | D:12     | Killed Urug
 20009 | D:12     | Found a staircase to the Orcish Mines.
 20235 | D:12     | Noticed Nergalle
 20250 | D:12     | Killed Nergalle
 20428 | D:13     | Reached XP level 15. HP: 96/104 MP: 21/21
 20826 | D:13     | Noticed Erolcha
 20843 | D:13     | Killed Erolcha
 21257 | D:14     | Reached skill level 16 in Fighting
 21286 | D:14     | Found a labyrinth entrance.
 21298 | Lab      | Entered a labyrinth
 21575 | D:14     | Found a snail-covered altar of Cheibriados.
 22195 | D:14     | Found a gate to the Vaults.
 22257 | D:14     | Noticed Sonja
 22538 | D:14     | Found Licsad's Armour Boutique.
 22546 | D:14     | Bought a +2 cloak of invisibility for 365 gold pieces
 22623 | D:14     | Noticed Azrael
 23233 | D:15     | Entered Level 15 of the Dungeon
 23251 | D:15     | Killed Azrael
 23374 | D:15     | Cast into level 1 of the Abyss (Sonja)
 23374 | Abyss:1  | Found a corrupted altar of Lugonu.
 23450 | D:15     | Escaped the Abyss
 23471 | D:15     | Reached skill level 1 in Evocations
 23933 | D:15     | Noticed Louise
 23937 | D:15     | Cast into level 3 of the Abyss (Louise)
 23938 | D:15     | Escaped the Abyss
 23956 | D:15     | Killed Louise
 24489 | D:15     | Reached skill level 15 in Maces & Flails
 24519 | D:15     | Found a staircase to the Depths.
 24653 | D:15     | Killed Sonja
 24935 | Orc:1    | Entered Level 1 of the Orcish Mines
 25119 | Orc:2    | Entered Level 2 of the Orcish Mines
 25186 | Orc:2    | Found a roughly hewn altar of Beogh.
 25555 | Orc:2    | Found Goehet's Weapon Shoppe.
 25805 | Orc:1    | Noticed an orc warlord
 25838 | Orc:1    | Killed an orc warlord
 25838 | Orc:1    | Reached XP level 16. HP: 94/111 MP: 22/22
 26852 | Orc:2    | Found a roughly hewn altar of Beogh.
 26878 | Orc:2    | Found Vegulef's Gadget Emporium.
 27110 | Orc:2    | Found a staircase to the Elven Halls.
 27191 | Orc:2    | Noticed Saint Roka
 27266 | Orc:2    | Killed Saint Roka
 27885 | Orc:2    | Found Tywiv's Antique Weapon Shoppe.
 27891 | Orc:2    | Found Ozomut's Antique Armour Emporium.
 27892 | Orc:2    | Found a roughly hewn altar of Beogh.
 28136 | Lair:3   | Killed Rupert
 28242 | Snake:1  | Entered Level 1 of the Snake Pit
 28704 | Snake:1  | Found Husiecy's Magic Scroll Boutique.
 28712 | Snake:1  | Bought a scroll of enchant weapon for 120 gold pieces
 28712 | Snake:1  | Bought a scroll of enchant weapon for 120 gold pieces
 28712 | Snake:1  | Bought a scroll of identify for 32 gold pieces
 28712 | Snake:1  | Bought a scroll of teleportation for 48 gold pieces
 28712 | Snake:1  | Bought a scroll of recharging for 152 gold pieces
 28712 | Snake:1  | Bought a scroll of identify for 32 gold pieces
 28712 | Snake:1  | Bought a scroll of identify for 32 gold pieces
 30491 | Snake:2  | Reached skill level 17 in Fighting
 31725 | Snake:3  | Reached XP level 17. HP: 117/117 MP: 23/23
 31779 | Snake:3  | Reached skill level 10 in Shields
 32990 | Snake:3  | Found Ocaakes's Gadget Emporium.
 32991 | Snake:3  | Found Ityott's Jewellery Shop.
 32992 | Snake:3  | Found Qocvaogoj's Gadget Emporium.
 32998 | Snake:3  | Bought a lamp of fire for 680 gold pieces
 33623 | Snake:4  | Entered Level 4 of the Snake Pit
 33816 | Shoals:1 | Entered Level 1 of the Shoals
 34220 | Shoals:1 | Found a frozen archway.
 34362 | IceCv    | Entered an ice cave
 35049 | IceCv    | Noticed an Ice Fiend
 35784 | IceCv    | Killed an Ice Fiend
 36504 | Shoals:2 | Reached XP level 18. HP: 112/124 MP: 24/24
 36594 | Shoals:2 | Noticed Polyphemus
 36669 | Shoals:2 | Killed Polyphemus
 38141 | Shoals:3 | Reached skill level 18 in Fighting
 38697 | Shoals:3 | Found Goirungu's Island Escapes.
 38709 | Shoals:3 | Bought a scroll of blinking for 82 gold pieces
 38709 | Shoals:3 | Bought a scroll of blinking for 82 gold pieces
 38709 | Shoals:3 | Bought a scroll of blinking for 82 gold pieces
 38709 | Shoals:3 | Bought a potion of invisibility for 88 gold pieces
 38769 | Shoals:4 | Entered Level 4 of the Shoals
 38980 | Shoals:4 | Noticed Ilsuiw
 39417 | Elf:1    | Entered Level 1 of the Elven Halls
 39743 | Elf:1    | Reached skill level 10 in Dodging
 39887 | Elf:1    | Reached XP level 19. HP: 122/131 MP: 25/25
 40637 | Elf:1    | Got a warped plate armour
 40649 | Elf:1    | Identified the +8 plate armour of Budd {rPois rF+++ Str+2 SInv} (You found it on level 1 of the Elven Halls)
 40828 | Elf:2    | Found a radiant altar of Vehumet.
 40846 | Elf:2    | Reached skill level 15 in Armour
 40953 | Elf:2    | Found a huge runed gate.
 40953 | Elf:2    | Found a huge runed gate.
 40953 | Elf:2    | Found a huge runed gate.
 40953 | Elf:2    | Found a huge runed gate.
 40963 | Elf:2    | Found a huge runed gate.
 41159 | Elf:2    | Reached skill level 15 in Shields
 41370 | Elf:2    | Found Seraugunk's Antique Armour Shop.
 41380 | Elf:2    | Bought a pair of glowing boots for 399 gold pieces
 41774 | Elf:2    | Reached skill level 19 in Fighting
 41971 | Elf:2    | Corrupted Elf:2
 42100 | Elf:3    | Entered Level 3 of the Elven Halls
 42494 | Elf:3    | Found Bezurevuu's Weapon Shoppe.
 43250 | Snake:4  | Reached XP level 20. HP: 139/139 MP: 26/26
 43327 | Snake:4  | Cast into level 3 of the Abyss (naga warrior)
 43338 | Abyss:3  | Found a deep blue altar of Sif Muna.
 43383 | Abyss:3  | Gained mutation: Your body sometimes deteriorates upon taking damage. [a neqoxec]
 43394 | Abyss:3  | Identified the Reference Book on Snow
 43399 | Abyss:3  | Identified a scroll of acquirement
 43403 | Abyss:3  | Found a deep blue altar of Sif Muna.
 43423 | Abyss:3  | Identified the Reference Book on Summoning
 43442 | Abyss:3  | Identified the Compendium of Ice
 43452 | Abyss:3  | Gained mutation: You regenerate slowly when monsters are visible. [a cacodemon]
 43474 | Abyss:3  | Identified the Handbook of Shape Shifting
 43487 | Abyss:3  | Found a deep blue altar of Sif Muna.
 43505 | Abyss:3  | Paralysed by a sphinx for 5 turns
 43511 | Snake:4  | Escaped the Abyss
 43647 | Snake:4  | Reached skill level 5 in Evocations
 44317 | Snake:4  | Reached skill level 10 in Invocations
 44596 | Snake:4  | Got a serpentine rune of Zot
 45093 | Shoals:4 | Got a sapphire-encrusted chain mail
 45094 | Shoals:4 | Identified the +6 chain mail "Hael" {MR+} (You found it on level 4 of the Shoals)
 45502 | Shoals:4 | Killed Ilsuiw
 45698 | Shoals:4 | Got a barnacled rune of Zot
 46233 | Vaults:1 | Entered Level 1 of the Vaults
 46375 | Vaults:1 | Reached XP level 21. HP: 145/145 MP: 29/29
 46415 | Vaults:1 | Reached skill level 20 in Fighting
 48927 | Vaults:2 | Found a staircase to the Crypt.
 49200 | Vaults:2 | Reached XP level 22. HP: 153/153 MP: 31/31
 50066 | Vaults:3 | Noticed Xtahua
 50084 | Vaults:3 | Paralysed by Xtahua for 6 turns
 50109 | Vaults:3 | Killed Xtahua
 50197 | Vaults:3 | Noticed Aizul
 50218 | Vaults:3 | Killed Aizul
 51344 | Vaults:3 | Found Qaemayn's Antique Armour Shop.
 51759 | Vaults:4 | Got a twisted triple crossbow
 51760 | Vaults:4 | Identified the +8 triple crossbow "Zemath" {flame, rC+} (You found it on level 4 of the Vaults)
 51818 | Vaults:4 | Reached skill level 21 in Fighting
 51877 | Vaults:4 | Reached skill level 10 in Evocations
 52176 | Vaults:4 | Noticed Boris
 52203 | Vaults:4 | Killed Boris
 52481 | Vaults:4 | Reached XP level 23. HP: 81/160 MP: 32/32
 52731 | Vaults:4 | Got a faintly glowing plate armour
 52732 | Vaults:4 | Identified the +7 plate armour of Mirth {MP+9} (You found it on level 4 of the Vaults)
 53375 | Depths:1 | Entered Level 1 of the Depths
 53789 | Depths:1 | Found a gateway to Hell.
 53954 | Depths:1 | Found a magical portal.
 53968 | WizLab   | Entered Lehudib's Moon Base
 53987 | WizLab   | Lost mutation: You regenerate slowly when monsters are visible. [potion of cure mutation]
 53987 | WizLab   | Lost mutation: Your body sometimes deteriorates upon taking damage. [potion of cure mutation]
 53987 | WizLab   | Lost mutation: You have a pair of small antennae on your head. [potion of cure mutation]
 54000 | WizLab   | Reached skill level 1 in Stealth
 54495 | WizLab   | Got a brightly glowing brass ring
 54497 | WizLab   | Identified the ring of Understanding {+Inv Slay+3} (You found it in a wizard's laboratory)
 54521 | WizLab   | Gained mutation: Your body sometimes deteriorates upon taking damage. [a cacodemon]
 54544 | WizLab   | Gained mutation: You are clumsy. (Dex -2) [a cacodemon]
 54562 | WizLab   | Gained mutation: You can translocate small distances at will. [potion of beneficial mutation]
 54695 | WizLab   | Paralysed by accursed screaming for 1 turns
 55226 | WizLab   | Identified the Disquisition on Sinister Combat Magic
 55231 | WizLab   | Got a fine pewter ring
 55233 | WizLab   | Identified the ring of Kuezaod {rC+ rN++ Int+3} (You found it in a wizard's laboratory)
 55264 | WizLab   | Identified Lehudib's Volume of the Hurtful Rocks
 55589 | Depths:1 | Found Dar Petisoy's Gadget Shop.
 55832 | Depths:2 | Found a huge runed gate.
 55832 | Depths:2 | Found a huge runed gate.
 55832 | Depths:2 | Found a huge runed gate.
 55832 | Depths:2 | Found a huge runed gate.
 55832 | Depths:2 | Found a huge runed gate.
 55832 | Depths:2 | Found a huge runed gate.
 55832 | Depths:2 | Found a huge runed gate.
 55832 | Depths:2 | Found a huge runed gate.
 55832 | Depths:2 | Found a huge runed gate.
 55832 | Depths:2 | Found a huge runed gate.
 55832 | Depths:2 | Found a huge runed gate.
 55832 | Depths:2 | Found a huge runed gate.
 55832 | Depths:2 | Found a huge runed gate.
 55832 | Depths:2 | Found a huge runed gate.
 55832 | Depths:2 | Found a huge runed gate.
 55832 | Depths:2 | Found a huge runed gate.
 55832 | Depths:2 | Found a huge runed gate.
 55832 | Depths:2 | Found a huge runed gate.
 55832 | Depths:2 | Found a huge runed gate.
 55832 | Depths:2 | Found a huge runed gate.
 55851 | Depths:2 | Paralysed by a lich for 5 turns
 55854 | Depths:2 | Noticed a golden dragon
 55873 | Depths:1 | Reached skill level 22 in Fighting
 55883 | Depths:1 | Reached skill level 5 in Stealth
 56082 | Depths:1 | Paralysed by a vampire knight for 2 turns
 56088 | Depths:1 | Reached XP level 24. HP: 118/168 MP: 33/33
 56644 | Depths:2 | Paralysed by a floating eye for 2 turns
 57033 | Depths:2 | Paralysed by a floating eye for 2 turns
 57150 | Depths:2 | Cast into level 3 of the Abyss (a wizard)
 57150 | Abyss:3  | Found a corrupted altar of Lugonu.
 57191 | Abyss:3  | Found a corrupted altar of Lugonu.
 57234 | Abyss:3  | Found a corrupted altar of Lugonu.
 57361 | Abyss:3  | Found a corrupted altar of Lugonu.
 57583 | Depths:2 | Escaped the Abyss
 57607 | Depths:2 | Paralysed by a great orb of eyes for 6 turns
 57914 | Depths:2 | Found Remeisuir's Distillery.
 57939 | Depths:2 | Paralysed by a vampire knight for 5 turns
 58160 | Depths:2 | Lost mutation: You are clumsy. (Dex -2) [potion of cure mutation]
 58160 | Depths:2 | Lost mutation: Your body sometimes deteriorates upon taking damage. [potion of cure mutation]
 58160 | Depths:2 | Lost mutation: You can translocate small distances at will. [potion of cure mutation]
 58214 | Depths:2 | Bought a potion of heal wounds for 55 gold pieces
 58214 | Depths:2 | Bought a potion of curing for 33 gold pieces
 58214 | Depths:2 | Bought a potion of invisibility for 88 gold pieces
 58214 | Depths:2 | Bought a potion of invisibility for 88 gold pieces
 58214 | Depths:2 | Bought a potion of might for 44 gold pieces
 58214 | Depths:2 | Bought a potion of cancellation for 88 gold pieces
 58237 | Depths:2 | Found Pephofoli's Antique Armour Shoppe.
 58249 | Depths:2 | Bought a runed helmet for 420 gold pieces
 58281 | Depths:2 | Found Kigip's Gadget Shop.
 58282 | Depths:2 | Found Lahuulah's Magic Scroll Boutique.
 58296 | Depths:2 | Found Estibbom's Antique Weapon Boutique.
 58325 | Depths:2 | Bought a scroll of acquirement for 1092 gold pieces
 58549 | Depths:2 | Found a one-way gate to the infinite horrors of the Abyss.
 58875 | Depths:2 | Found a radiant altar of Vehumet.
 58915 | Depths:2 | Found a roughly hewn altar of Beogh.
 59215 | Depths:2 | Found Mutygin's Slaves and Accessories.
 59260 | Depths:2 | Found The Legendary Irisuqess's Legendary Smithy.
 59320 | Depths:2 | Found Dopudin's Miraculous Elixirs.
 59371 | Depths:2 | Found Jack's Jerk-a-riffic Jerky.
 59579 | Depths:3 | Reached XP level 25. HP: 175/175 MP: 33/33
 59759 | Depths:3 | Paralysed by a floating eye for 4 turns
 59772 | Depths:3 | Paralysed by a floating eye for 4 turns
 59793 | Depths:3 | Paralysed by a great orb of eyes for 7 turns
 59998 | Depths:3 | Reached skill level 23 in Fighting
 60284 | Depths:2 | Reached skill level 15 in Dodging
 60346 | Depths:3 | Paralysed by a wizard for 6 turns
 60473 | Depths:3 | Found Soziohuxt's Weapon Shop.
 60490 | Depths:3 | Found a one-way gate leading to the halls of Pandemonium.
 61161 | Depths:3 | Paralysed by a sphinx for 5 turns
 61435 | Depths:4 | Reached skill level 10 in Stealth
 61606 | Depths:4 | Learned a level 2 spell: Blink
 61610 | Depths:4 | Learned a level 2 spell: Repel Missiles
 61743 | Depths:4 | Found a gateway to a ziggurat.
 62161 | Depths:4 | Noticed a juggernaut
 62176 | Depths:4 | Killed a juggernaut
 62194 | Depths:4 | Reached XP level 26. HP: 106/183 MP: 34/34
 62373 | Depths:4 | Paralysed by a vampire knight for 6 turns
 62454 | Depths:5 | Entered Level 5 of the Depths
 62454 | Depths:5 | Noticed Frederick
 62475 | Depths:5 | Killed Frederick
 62589 | Depths:5 | Noticed Sojobo
 62626 | Depths:4 | Reached skill level 15 in Invocations
 62924 | Depths:5 | Gained mutation: You are resistant to hostile enchantments. (MR+) [potion of beneficial mutation]
 63193 | Depths:5 | Found a gate to the Realm of Zot.
 63461 | Depths:5 | Killed Sojobo
 63478 | Depths:5 | Got a twitching copper ring
 63479 | Depths:5 | Identified the ring "Itacinis" {Int+4 Stlth+} (You took it off a tengu reaver on level 5 of the Depths)
 63504 | Depths:5 | Paralysed by a floating eye for 4 turns
 64026 | Depths:5 | Escaped the Abyss
 64524 | Vaults:5 | Entered Level 5 of the Vaults
 64974 | Vaults:5 | Reached XP level 27. HP: 188/189 MP: 34/34
 65220 | Vaults:5 | Cast into level 4 of the Abyss (tengu reaver)
 65257 | Abyss:4  | Found a sparkling altar of Nemelex Xobeh.
 65422 | Abyss:4  | Found a hazy altar of Hepliaklqana.
 65422 | Abyss:4  | Found a sparkling altar of Nemelex Xobeh.
 65422 | Abyss:4  | Found a white marble altar of Elyvilon.
 65422 | Abyss:4  | Found a bloodstained altar of Trog.
 65422 | Abyss:4  | Found a hide-covered altar of Uskayaw.
 65422 | Abyss:4  | Found a deep blue altar of Sif Muna.
 65423 | Abyss:4  | Found a snail-covered altar of Cheibriados.
 65423 | Abyss:4  | Found a shattered altar of Ashenzari.
 65423 | Abyss:4  | Found an ancient bone altar of Kikubaaqudgha.
 65423 | Abyss:4  | Found a shimmering altar of Xom.
 65424 | Abyss:4  | Found a burning altar of Makhleb.
 65424 | Abyss:4  | Found an iron altar of Okawaru.
 65424 | Abyss:4  | Found a glowing golden altar of the Shining One.
 65426 | Abyss:4  | Found a shadowy altar of Dithmenos.
 65426 | Abyss:4  | Found a stormy altar of Qazlal.
 65426 | Abyss:4  | Found a blossoming altar of Fedhas.
 65426 | Abyss:4  | Found an opulent altar of Gozag.
 65428 | Abyss:4  | Found a glowing silver altar of Zin.
 65428 | Abyss:4  | Found an opulent altar of Gozag.
 65428 | Abyss:4  | Found a radiant altar of Vehumet.
 65439 | Abyss:4  | Paralysed by accursed screaming for 1 turns
 65451 | Abyss:4  | Found a corrupted altar of Lugonu.
 65462 | Abyss:4  | Found a viscous altar of Jiyva.
 65558 | Abyss:4  | Got an abyssal rune of Zot
 65559 | Vaults:5 | Escaped the Abyss
 65759 | Vaults:5 | Reached skill level 24 in Fighting
 66572 | Vaults:5 | Got a silver rune of Zot
 67505 | Slime:1  | Entered Level 1 of the Pits of Slime
 67898 | Slime:3  | Found a shimmering altar of Xom.
 68073 | Slime:5  | Entered Level 5 of the Pits of Slime
 68075 | Slime:5  | Gained mutation: Your natural rate of healing is unusually fast. [a shining eye]
 68076 | Slime:5  | Gained mutation: You expend magic power (3 MP) to strengthen your wands. [a shining eye]
 68082 | Slime:5  | Gained mutation: Your magical capacity is low. (-10% MP) [a shining eye]
 68084 | Slime:5  | Gained mutation: Scrolls take you a little longer to read. [a shining eye]
 68136 | Slime:5  | Gained mutation: You are frail. (-10% HP) [a shining eye]
 68305 | Slime:5  | Noticed the Royal Jelly
 68329 | Slime:5  | Killed the Royal Jelly
 68337 | Slime:5  | Got a slimy rune of Zot
 68851 | Zot:1    | Entered Level 1 of the Realm of Zot
 69660 | Zot:5    | Entered Level 5 of the Realm of Zot
 69715 | Zot:5    | Noticed an ancient lich
 69721 | Zot:5    | Banished an ancient lich
 69798 | Zot:5    | Noticed an ancient lich
 70622 | Zot:5    | Noticed an ancient lich
 70743 | Zot:5    | Noticed an orb of fire
 70760 | Zot:5    | Gained mutation: Your magical capacity is very low. (-20% MP) [an orb of fire]
 70763 | Zot:5    | Gained mutation: You occasionally shout uncontrollably at your foes. [an orb of fire]
 70773 | Zot:5    | Noticed an orb of fire
 70776 | Zot:5    | Killed an orb of fire
 70795 | Zot:5    | Killed an orb of fire
 70869 | Zot:5    | Noticed an orb of fire
 70874 | Zot:5    | Gained mutation: You are weak. (Str -2) [an orb of fire]
 70885 | Zot:5    | Lost mutation: You are frail. (-10% HP) [an orb of fire]
 71058 | Zot:4    | Gained mutation: Scrolls take you longer to read. [the power of Zot]
 71064 | Zot:4    | Reached skill level 15 in Stealth
 71569 | Zot:5    | Noticed an orb of fire
 71591 | Zot:5    | Gained mutation: Your magical capacity is extremely low. (-30% MP) [an orb of fire]
 71597 | Zot:5    | Lost mutation: You are weak. (Str -2) [an orb of fire]
 71600 | Zot:5    | Gained mutation: Scrolls take you much longer to read. [an orb of fire]
 71608 | Zot:5    | Gained mutation: You are clumsy. (Dex -2) [an orb of fire]
 71617 | Zot:5    | Killed an orb of fire
 71753 | Zot:5    | Noticed an ancient lich
 71770 | Zot:5    | Killed an ancient lich
 71894 | Zot:5    | Gained mutation: Armour fits poorly on your strangely shaped body. [an orb of fire]
 71898 | Zot:5    | Gained mutation: You tend to lose your temper in combat. [an orb of fire]
 71901 | Zot:5    | Gained mutation: You are frail. (-10% HP) [an orb of fire]
 71931 | Zot:5    | Killed an orb of fire
 71931 | Zot:5    | Reached skill level 25 in Fighting
 72026 | Zot:5    | Noticed an ancient lich
 72064 | Zot:5    | Killed an ancient lich
 72121 | Zot:5    | Noticed an orb of fire
 72132 | Zot:5    | Gained mutation: You are very frail. (-20% HP) [an orb of fire]
 72161 | Zot:5    | Gained mutation: You sometimes yell uncontrollably at your foes. [an orb of fire]
 72165 | Zot:5    | Lost mutation: Your natural rate of healing is unusually fast. [an orb of fire]
 72166 | Zot:5    | Gained mutation: You are dopey. (Int -2) [an orb of fire]
 72169 | Zot:5    | Killed an orb of fire
 72173 | Zot:5    | Got the Orb of Zot
 72214 | Zot:5    | Noticed a seraph
 72253 | Zot:5    | Noticed Fefelut the pandemonium lord
 72321 | Zot:2    | Killed from afar by a mottled draconian knight

Skill      XL: |  1  2  3  4  5  6  7  8  9 10 11 12 13 14 15 16 17 18 19 20 21 22 23 24 25 26 27 |
---------------+----------------------------------------------------------------------------------+-----
Fighting       | 4 5 6 7 9 11 12 13 14 15 16 17 18 19 20 21 22 23 25 | 25.1
Maces & Flails | 3 4 5 6 8 9 10 11 12 13 14 15 16 | 16.0
Invocations    | 6 8 9 11 12 13 14 15 17 | 17.6
Dodging        | 2 5 6 8 9 10 11 12 13 14 15 17 | 17.2
Armour         | 4 6 9 11 12 13 14 15 16 17 18 19 20 22 | 22.3
Shields        | 2 5 6 8 9 13 14 15 18 | 18.0
Evocations     | 2 4 6 8 10 11 12 13 14 | 14.7
Stealth        | 5 8 10 12 15 | 15.3

Action                   |  1- 3 |  4- 6 |  7- 9 | 10-12 | 13-15 | 16-18 | 19-21 | 22-24 | 25-27 || total
-------------------------+-------+-------+-------+-------+-------+-------+-------+-------+-------++-------
Melee: Mace              |   126 |   192 |   147 |       |       |       |       |       |       ||   465
       Whip              |       |       |   223 |   513 |       |       |       |       |       ||   736
       Flail             |       |       |       |   428 |  1581 |   885 |       |       |       ||  2894
       Morningstar       |       |       |       |    66 |   293 |  1571 |  2505 |  2647 |  3958 || 11040
       Demon whip        |       |       |       |       |       |       |       |       |    15 ||    15
       Sacred scourge    |       |       |       |       |       |       |       |       |    79 ||    79
 Fire: Blowgun           |       |       |    15 |    10 |     6 |       |       |       |       ||    31
Throw: Tomahawk          |       |       |     6 |     2 |       |       |       |       |       ||     8
       Javelin           |       |       |       |       |     2 |       |       |       |     1 ||     3
Invok: Banish            |       |       |       |     7 |     1 |     2 |       |       |     1 ||    11
       Brand Weapon With |       |       |       |     1 |       |       |       |       |       ||     1
       Depart the Abyss  |       |       |       |       |     2 |       |     1 |     1 |     2 ||     6
       Bend Space        |       |       |       |       |       |       |     1 |     4 |     1 ||     6
       Corrupt           |       |       |       |       |       |       |     1 |       |       ||     1
       Enter the Abyss   |       |       |       |       |       |       |       |       |     1 ||     1
 Abil: Fly               |       |       |       |       |     1 |       |       |       |       ||     1
       Evoke Invisibilit |       |       |       |       |     1 |       |       |       |     8 ||     9
       Turn Visible      |       |       |       |       |       |       |       |       |     2 ||     2
Evoke: Wand              |       |       |     3 |     4 |    16 |     9 |     4 |     9 |    38 ||    83
       Phantom mirror    |       |       |       |     1 |     1 |       |       |     1 |       ||     3
       Box of beasts     |       |       |       |       |     1 |     3 |       |       |       ||     4
       Sack of spiders   |       |       |       |       |     1 |       |       |     1 |       ||     2
       Fan of gales      |       |       |       |       |       |     1 |       |       |     1 ||     2
       Lamp of fire      |       |       |       |       |       |     1 |     2 |     4 |     4 ||    11
       Disc of storms    |       |       |       |       |       |       |       |       |     5 ||     5
  Use: Scroll            |       |     7 |    11 |    15 |    11 |    16 |    11 |    13 |    20 ||   104
       Potion            |       |     1 |     1 |     4 |     4 |     6 |       |     9 |    18 ||    43
 Stab: Distracted        |       |       |       |     1 |       |       |       |       |     3 ||     4
       Paralysed         |       |       |       |     3 |     5 |       |       |       |       ||     8
       Invisible         |       |       |       |       |     2 |     8 |       |       |    37 ||    47
       Confused          |       |       |       |       |     1 |       |       |       |       ||     1
       Petrified         |       |       |       |       |       |    20 |       |    15 |       ||    35
  Eat: Chunk             |     1 |     7 |    12 |    21 |    13 |     1 |     6 |     7 |     3 ||    71
       Beef jerky        |       |       |       |     2 |     5 |       |       |     5 |     5 ||    17
       Royal jelly       |       |       |       |     1 |     5 |     2 |     1 |     2 |       ||    11
       Pizza             |       |       |       |       |     4 |       |     1 |       |       ||     5
       Bread ration      |       |       |       |       |     2 |     9 |     2 |       |     4 ||    17
       Meat ration       |       |       |       |       |       |       |     3 |     3 |     5 ||    11
       Fruit             |       |       |       |       |       |       |       |     7 |       ||     7
Armor: Leather armour    |    62 |       |       |       |       |       |       |       |       ||    62
       Scale mail        |    21 |   115 |   177 |   309 |       |       |       |       |       ||   622
       Ring mail         |       |     4 |       |       |       |       |       |       |       ||     4
       Skin              |       |     2 |       |       |       |       |       |       |       ||     2
       Plate armour      |       |       |       |   262 |   927 |  1337 |  1266 |  1529 |  1972 ||  7293
Dodge: Dodged            |   106 |    94 |   155 |   334 |   448 |   635 |   688 |   976 |  1377 ||  4813
Block: Buckler           |       |       |       |    64 |   348 |   125 |       |       |       ||   537
       Shield            |       |       |       |       |       |   879 |  1458 |  1963 |  2277 ||  6577
